 Dungeon Crawl Stone Soup version 0.19.1 (webtiles) character file.

94 Darkmans the Sneak (level 4, -1/22 HPs)
             Began as a Spriggan Assassin on Dec 13, 2016.
             Was a Follower of Dithmenos.
             Slain by an orc wizard
             ... wielding a +2 dagger of electrocution
              (16 damage)
             ... on level 3 of the Dungeon.
             The game lasted 00:07:44 (3026 turns).

Darkmans the Sneak (Spriggan Assassin)              Turns: 3026, Time: 00:07:45

Health: -1/22      AC:  3    Str:  7    XL:     4   Next: 38%
Magic:  5/5        EV: 19    Int: 12    God:    Dithmenos [*.....]
Gold:   122        SH:  0    Dex: 18    Spells: 0 memorised, 3 levels left

rFire  . . .     SeeInvis +     a - +2 dagger
rCold  . . .     Gourm    .     c - +0 robe
rNeg   . . .     Faith    .     (shield restricted)
rPois  .         Spirit   .     (helmet restricted)
rElec  .         Reflect  +     t - +0 cloak (curse)
rCorr  .         Harm     .     (gloves unavailable)
MR     .....                    (boots unavailable)
Stlth  ++........               s - +4 amulet of reflection
                                (no ring)
                                (no ring)

@: confused, wreathed by umbra, drained, very quick
A: unfitting armour, see invisible, herbivore 3, speed 3, slow metabolism 2
a: Renounce Religion


You were on level 3 of the Dungeon.
You worshipped Dithmenos.
Dithmenos was aware of your devotion.
You were not hungry.

You visited 1 branch of the dungeon, and saw 3 of its levels.

You collected 122 gold pieces.

Inventory:

Hand Weapons
 a - a +2 dagger (weapon)
 b - a +0 blowgun
Missiles
 e - 29 poisoned needles
 f - 10 curare-tipped needles
Armour
 c - a +0 robe (worn)
 t - a cursed +0 cloak (worn)
Jewellery
 m - an uncursed amulet of harm
 s - a +4 amulet of reflection (around neck)
Scrolls
 d - a scroll of magic mapping {unknown}
 h - 3 scrolls of remove curse {unknown}
 i - 2 scrolls of amnesia {unknown}
 l - 2 scrolls of fear {unknown}
 p - a scroll of fog {unknown}
 q - 2 scrolls of teleportation {unknown}
 u - a scroll of identify
 v - a scroll of enchant weapon {unknown}
Potions
 k - a potion of resistance
 n - a potion of haste
 o - a potion of heal wounds {unknown}
 r - 2 potions of magic
Comestibles
 g - 3 bread rations
 j - 2 fruits


   Skills:
 - Level 1.5(0.6) Fighting
 - Level 2.1(1.2) Short Blades
 - Level 2.0(1.0) Throwing
 + Level 4.7(3.7) Dodging
 + Level 7.4(6.3) Stealth


You had 3 spell levels left.
You didn't know any spells.

Dungeon Overview and Level Annotations

Branches:
Dungeon (3/15)

Altars:
Dithmenos


Innate Abilities, Weirdness & Mutations

You are very small and have problems with some larger weapons.
You are too small for most types of armour.
You have supernaturally acute eyesight. (SInv)
You are a herbivore.
You cover ground extremely quickly.
You need consume almost no food.


Message History

The poisoned needle misses the orc wizard.
The orc wizard gestures at you while chanting.
You are confused.
You bump into the rock wall.
Firing (i - inventory. (,) - cycle):
e - 30 poisoned needles (quivered)
Press: ? - help, Shift-Dir - straight line, f/p - orc wizard
Aim: an orc wizard, wielding a dagger of electrocution and wearing a robe (almost dead, slightly transparent, umbra)
You shoot a poisoned needle.
The orc wizard points at you and mumbles some strange words.
The puff of flame misses you.
Wield which item (- for none, * to show all)? (? for menu, Esc to quit)
a - a +2 dagger (weapon)
The orc wizard completely misses you.
You miss the orc wizard.
The orc wizard is almost dead.
The orc wizard hits you but does no damage.
The orc wizard hits you but does no damage.
You are electrocuted!
Ouch! That really hurt!
You die...

..........###### .........
.......).......# .........
...............# .........
..............(# ..(......
...............##############
.#########.....#......#......
#.....#......#.....(
####.o...#......#......
#.....@..#......#...o[.
#.......(#......#......
###########.......)#.....†#......
..................[))....((......
###########........#......#......
# ###........#......#...... #
#..........#############. #
#.....###### #########. # #.....#
#........<


You could see an orc wizard (invisible).

Vanquished Creatures
  An adder (D:3)
  2 oozes
  3 worms
  2 dart slugs
  6 leopard geckos
  7 orcs (D:3)
  2 bats
  3 giant cockroaches
  6 hobgoblins
  6 kobolds
  3 frilled lizards
  4 goblins (D:2)
  2 rats
47 creatures vanquished.

Vanquished Creatures (others)
  4 toadstools (D:1)
4 creatures vanquished.

Grand Total: 51 creatures vanquished

Notes
Turn   | Place    | Note
-------+----------+-------------------------------------------
     0 | D:1      | Darkmans the Spriggan Assassin began the quest for the Orb.
     0 | D:1      | Reached XP level 1. HP: 10/10 MP: 2/2
    30 | D:1      | Reached skill level 6 in Stealth
   185 | D:1      | Reached XP level 2. HP: 10/14 MP: 3/3
   528 | D:1      | Found a shadowy altar of Dithmenos.
   536 | D:1      | Became a worshipper of Dithmenos the Shadowed
  1133 | D:2      | Reached XP level 3. HP: 18/18 MP: 4/4
  1468 | D:2      | Reached skill level 7 in Stealth
  2033 | D:3      | Reached * piety under Dithmenos
  2033 | D:3      | Reached XP level 4. HP: 22/22 MP: 5/5
  3026 | D:3      | Slain by an orc wizard

Skill      XL: |  1  2  3 |
---------------+----------+-----
Stealth        | 6 7 |  7.4
Dodging        | 2 3 4 |  4.7
Fighting       | |  1.5
Short Blades   | |  2.1
Throwing       | |  2.0

Action                   |  1- 3 |  4- 6 || total
-------------------------+-------+-------++-------
Melee: Dagger            |   115 |    54 ||   169
 Fire: Blowgun           |    17 |    24 ||    41
  Use: Scroll            |     4 |       ||     4
 Stab: Sleeping          |    16 |       ||    16
Armor: Robe              |    14 |     2 ||    16
Dodge: Dodged            |    80 |    61 ||   141
Block: Other             |       |     8 ||     8
